[ AOE2 MATCH · #488804555 ]
UnrankedJapanese vs Bohemians
[ REPLAY ANALYSIS · EXTRACTED FROM THE RECORDED GAME ]
Feudal
15:55
Castle
19:27
Imperial
38:50
| APM avg | 31.1 |
| APM peak | 62 |
| eAPM avg | 16.9 |
| Villagers / military | 141 / 293 |
Focus
⚔️ 36.6% · 🌾 63.4%
Cavalry Archer ×235 · Fishing Ship ×39 · Fire Galley ×25 · Spearman ×15 · Cannon Galleon ×8 · Galley ×5
Feudal
13:43
Castle
29:47
Imperial
43:53
| APM avg | 42.3 |
| APM peak | 74 |
| eAPM avg | 26.2 |
| Villagers / military | 159 / 366 |
Focus
⚔️ 43.0% · 🌾 57.0%
Spearman ×191 · Galley ×61 · Hand Cannoneer ×37 · Bombard Cannon ×25 · Skirmisher ×23 · Hussite Wagon ×19
Feudal
14:59
Castle
18:29
Imperial
32:58
| APM avg | 28.1 |
| APM peak | 109 |
| eAPM avg | 17.7 |
| Villagers / military | 171 / 386 |
Focus
⚔️ 37.3% · 🌾 62.7%
Fire Lancer ×308 · Steppe Lancer ×60 · Spearman ×18 · Fishing Ship ×4
Feudal
14:25
Castle
27:53
Imperial
40:48
| APM avg | 40.5 |
| APM peak | 75 |
| eAPM avg | 21.7 |
| Villagers / military | 144 / 335 |
Focus
⚔️ 43.8% · 🌾 56.2%
Militia ×159 · Spearman ×58 · Scout Cavalry ×44 · Cavalry Archer ×41 · Skirmisher ×31 · Battering Ram ×2
Feudal
15:24
Castle
19:22
Imperial
34:02
| APM avg | 37.0 |
| APM peak | 67 |
| eAPM avg | 21.8 |
| Villagers / military | 117 / 476 |
Focus
⚔️ 38.4% · 🌾 61.6%
Archer ×282 · Spearman ×114 · Eagle Scout ×63 · Battering Ram ×15 · Monk ×1 · Skirmisher ×1
Feudal
13:35
Castle
20:26
Imperial
35:54
| APM avg | 49.8 |
| APM peak | 118 |
| eAPM avg | 34.2 |
| Villagers / military | 174 / 14 |
Focus
⚔️ 15.6% · 🌾 84.4%
Unknown (1944) ×158 · Unknown (1949) ×154 · Scout Cavalry ×14 · Fishing Ship ×6 · Unknown (1954) ×1
Feudal
13:55
Castle
17:34
Imperial
33:52
| APM avg | 26.5 |
| APM peak | 68 |
| eAPM avg | 14.5 |
| Villagers / military | 170 / 318 |
Focus
⚔️ 29.3% · 🌾 70.7%
Cavalry Archer ×263 · Tarkan ×25 · Scout Cavalry ×20 · Battering Ram ×6 · Trebuchet (Packed) ×3 · Monk ×1
Feudal
13:40
Castle
22:15
Imperial
39:52
| APM avg | 34.5 |
| APM peak | 118 |
| eAPM avg | 21.8 |
| Villagers / military | 130 / 252 |
Focus
⚔️ 43.2% · 🌾 56.8%
Spearman ×154 · Battering Ram ×34 · Archer ×33 · Cavalry Archer ×17 · Fire Galley ×12 · Fishing Ship ×8
Match map
Initial resources + every placement click. Lines = walls · curves = elevation contours. ◆ gold · ⬟ stone · ● berries · ✦ relic · ◌ wall gap
Your base· Open — unwalled flank
[Anvil] Suicidal Meat Shield's base· Open — unwalled flank
feshark's base· Open — unwalled flank
Driven's base· Open — unwalled flank
g_ermeric's base· Open — unwalled flank
treehugger's base· Open — unwalled flank
w h i z.'s base· Open — unwalled flank
ost.nostalgia's base· Open — unwalled flank
Smoothed initial terrain · ◌ = detected wall gap · hover for details
Inputs per minute
— It‘s today - - [Anvil] Suicidal Meat Shield
Build order — It‘s today
First 150 of 392 actions detected
| 0:50 | Build | Dock |
| 1:13 | Build | Town Center |
| 1:29 | Build | House |
| 2:58 | Create | Villager (Male) |
| 2:58 | Create | Villager (Male) |
| 2:58 | Create | Villager (Male) |
| 2:59 | Create | Villager (Male) |
| 2:59 | Create | Villager (Male) |
| 4:13 | Create | Fishing Ship |
| 4:45 | Research | Loom |
| 4:58 | Create | Villager (Male) |
| 5:08 | Build | House |
| 5:37 | Create | Villager (Male) |
| 5:41 | Create | Fishing Ship |
| 6:06 | Create | Villager (Male) |
| 6:14 | Build | House |
| 6:33 | Create | Villager (Male) |
| 6:50 | Create | Fishing Ship |
| 7:10 | Create | Villager (Male) |
| 7:31 | Create | Villager (Male) |
| 7:40 | Create | Fishing Ship |
| 7:49 | Build | House |
| 8:10 | Create | Villager (Male) |
| 8:10 | Create | Villager (Male) |
| 8:10 | Create | Villager (Male) |
| 8:12 | Create | Fishing Ship |
| 8:20 | Build | House |
| 8:49 | Create | Villager (Male) |
| 8:53 | Create | Villager (Male) |
| 9:02 | Create | Fishing Ship |
| 9:28 | Create | Villager (Male) |
| 9:46 | Create | Villager (Male) |
| 9:55 | Create | Fishing Ship |
| 9:59 | Build | House |
| 10:09 | Build | Mill |
| 10:12 | Create | Villager (Male) |
| 10:30 | Build | Dock |
| 11:00 | Create | Fishing Ship |
| 11:04 | Build | Dock |
| 11:06 | Create | Villager (Male) |
| 11:18 | Build | Lumber Camp |
| 11:21 | Create | Villager (Male) |
| 11:44 | Create | Villager (Male) |
| 11:45 | Create | Fishing Ship |
| 12:11 | Create | Villager (Male) |
| 12:31 | Create | Fishing Ship |
| 12:50 | Create | Villager (Male) |
| 12:54 | Build | House |
| 13:22 | Research | Feudal Age |
| 14:05 | Build | House |
| 14:21 | Build | House |
| 14:31 | Create | Fishing Ship |
| 14:56 | Build | Mining Camp |
| 15:06 | Create | Fishing Ship |
| 15:10 | Build | Dock |
| 15:55 | Age | Feudal Age |
| 15:57 | Build | Market |
| 15:59 | Build | Blacksmith |
| 16:01 | Research | Tech 906 |
| 16:06 | Create | Villager (Male) |
| 16:08 | Create | Villager (Male) |
| 16:26 | Create | Fishing Ship |
| 16:31 | Research | Double-Bit Axe |
| 16:38 | Build | House |
| 16:47 | Research | Castle Age |
| 16:59 | Build | Mining Camp |
| 17:12 | Create | Fire Galley |
| 17:36 | Create | Villager (Male) |
| 17:52 | Create | Fire Galley |
| 18:12 | Create | Villager (Male) |
| 18:27 | Create | Villager (Male) |
| 18:32 | Create | Fire Galley |
| 19:17 | Create | Fire Galley |
| 19:27 | Age | Castle Age |
| 19:31 | Research | War Galley (upgrade) |
| 19:51 | Create | Villager (Male) |
| 19:56 | Create | Fire Galley |
| 19:58 | Create | Villager (Male) |
| 20:20 | Build | Town Center |
| 20:23 | Create | Villager (Male) |
| 20:58 | Create | Villager (Male) |
| 21:07 | Build | Town Center |
| 21:12 | Build | Fish Trap |
| 21:14 | Research | Gillnets |
| 21:22 | Build | House |
| 21:23 | Build | House |
| 21:24 | Build | House |
| 21:25 | Create | Villager (Male) |
| 22:00 | Create | Villager (Male) |
| 22:04 | Build | University |
| 22:07 | Create | Fire Galley |
| 22:07 | Create | Fire Galley |
| 22:17 | Create | Villager (Male) |
| 22:20 | Create | Villager (Male) |
| 22:21 | Create | Villager (Male) |
| 22:25 | Create | Villager (Male) |
| 22:31 | Create | Villager (Male) |
| 22:38 | Create | Fire Galley |
| 22:40 | Create | Villager (Male) |
| 22:49 | Create | Villager (Male) |
| 22:57 | Create | Villager (Male) |
| 23:04 | Create | Villager (Male) |
| 23:05 | Create | Villager (Male) |
| 23:09 | Build | House |
| 23:09 | Build | House |
| 23:10 | Create | Villager (Male) |
| 23:13 | Create | Fire Galley |
| 23:17 | Create | Fire Galley |
| 23:22 | Research | Careening |
| 23:23 | Create | Villager (Male) |
| 23:27 | Create | Villager (Male) |
| 23:33 | Create | Villager (Male) |
| 23:37 | Create | Villager (Male) |
| 23:45 | Create | Fire Galley |
| 23:47 | Create | Fire Galley |
| 23:50 | Create | Fire Galley |
| 23:50 | Create | Fire Galley |
| 23:51 | Create | Villager (Male) |
| 23:58 | Create | Villager (Male) |
| 24:04 | Create | Villager (Male) |
| 24:10 | Research | Tech 908 |
| 24:12 | Create | Villager (Male) |
| 24:15 | Research | Wheelbarrow |
| 24:15 | Create | Villager (Male) |
| 24:18 | Create | Villager (Male) |
| 24:29 | Create | Fire Galley |
| 24:33 | Create | Fire Galley |
| 24:40 | Build | House |
| 24:41 | Build | House |
| 24:42 | Create | Villager (Male) |
| 24:52 | Create | Villager (Male) |
| 24:55 | Create | Villager (Male) |
| 25:04 | Create | Galley |
| 25:05 | Create | Galley |
| 25:10 | Create | Fire Galley |
| 25:10 | Create | Fire Galley |
| 25:11 | Create | Fire Galley |
| 25:12 | Create | Villager (Male) |
| 25:15 | Create | Villager (Male) |
| 25:23 | Build | Town Center |
| 25:24 | Create | Villager (Male) |
| 25:37 | Create | Galley |
| 25:53 | Create | Fire Galley |
| 25:53 | Create | Fire Galley |
| 26:02 | Create | Villager (Male) |
| 26:08 | Create | Fire Galley |
| 26:08 | Create | Fire Galley |
| 26:11 | Create | Villager (Male) |
| 26:13 | Build | House |
| 26:15 | Create | Villager (Male) |
Build order — [Anvil] Suicidal Meat Shield
First 150 of 723 actions detected
| 1:35 | Build | Town Center |
| 2:41 | Build | House |
| 3:13 | Create | Villager (Male) |
| 3:13 | Create | Villager (Male) |
| 3:15 | Create | Villager (Male) |
| 3:15 | Create | Villager (Male) |
| 4:06 | Build | House |
| 4:11 | Create | Villager (Male) |
| 5:00 | Create | Villager (Male) |
| 5:15 | Create | Villager (Male) |
| 6:05 | Create | Villager (Male) |
| 6:06 | Create | Villager (Male) |
| 6:43 | Create | Villager (Male) |
| 7:04 | Build | House |
| 7:11 | Build | Mill |
| 7:15 | Create | Villager (Male) |
| 7:40 | Create | Villager (Male) |
| 7:53 | Create | Villager (Male) |
| 8:24 | Build | Mill |
| 8:25 | Create | Villager (Male) |
| 8:35 | Create | Villager (Male) |
| 9:02 | Build | House |
| 9:11 | Create | Villager (Male) |
| 9:35 | Create | Villager (Male) |
| 9:58 | Build | House |
| 10:05 | Create | Villager (Male) |
| 10:37 | Research | Loom |
| 10:44 | Build | Palisade Wall |
| 11:00 | Build | Lumber Camp |
| 11:05 | Create | Villager (Male) |
| 11:14 | Build | House |
| 11:28 | Research | Feudal Age |
| 11:41 | Build | Mining Camp |
| 11:47 | Build | Palisade Wall |
| 11:48 | Build | Palisade Wall |
| 12:21 | Build | Palisade Wall |
| 12:24 | Build | Palisade Wall |
| 12:24 | Build | Palisade Wall |
| 12:25 | Build | Palisade Wall |
| 13:01 | Build | Dock |
| 13:08 | Build | Dock |
| 13:21 | Build | Palisade Wall |
| 13:22 | Build | Palisade Wall |
| 13:22 | Build | Palisade Wall |
| 13:43 | Age | Feudal Age |
| 13:46 | Create | Villager (Male) |
| 13:47 | Create | Villager (Male) |
| 14:02 | Build | Dock |
| 14:11 | Create | Demolition Raft |
| 14:17 | Create | Galley |
| 14:34 | Create | Demolition Raft |
| 14:40 | Create | Fire Galley |
| 14:44 | Create | Villager (Male) |
| 14:44 | Create | Villager (Male) |
| 14:56 | Create | Galley |
| 15:14 | Create | Demolition Raft |
| 15:24 | Create | Galley |
| 15:25 | Create | Galley |
| 15:31 | Create | Villager (Male) |
| 15:33 | Build | House |
| 15:37 | Create | Demolition Raft |
| 15:40 | Create | Villager (Male) |
| 15:46 | Research | Double-Bit Axe |
| 15:55 | Create | Galley |
| 16:07 | Create | Galley |
| 16:08 | Create | Villager (Male) |
| 16:13 | Build | House |
| 16:24 | Create | Galley |
| 16:24 | Create | Galley |
| 16:37 | Create | Villager (Male) |
| 16:42 | Create | Galley |
| 16:42 | Create | Galley |
| 16:57 | Build | Blacksmith |
| 17:05 | Create | Villager (Male) |
| 17:07 | Create | Galley |
| 17:24 | Create | Galley |
| 17:31 | Create | Villager (Male) |
| 17:42 | Build | House |
| 17:47 | Create | Galley |
| 18:09 | Create | Galley |
| 18:10 | Create | Galley |
| 18:18 | Create | Villager (Male) |
| 18:19 | Create | Villager (Male) |
| 18:21 | Build | House |
| 18:26 | Research | Fletching |
| 18:49 | Create | Galley |
| 18:49 | Create | Galley |
| 19:06 | Create | Galley |
| 19:13 | Create | Galley |
| 19:15 | Create | Villager (Male) |
| 19:15 | Create | Villager (Male) |
| 19:36 | Create | Galley |
| 19:37 | Create | Villager (Male) |
| 19:38 | Create | Villager (Male) |
| 20:00 | Create | Galley |
| 20:01 | Create | Galley |
| 20:01 | Create | Villager (Male) |
| 20:29 | Create | Galley |
| 20:32 | Build | House |
| 21:07 | Create | Galley |
| 21:08 | Create | Villager (Male) |
| 21:10 | Build | House |
| 21:16 | Build | Dock |
| 21:25 | Build | House |
| 22:06 | Create | Galley |
| 22:07 | Create | Galley |
| 22:08 | Create | Galley |
| 22:12 | Create | Galley |
| 22:12 | Create | Galley |
| 22:34 | Create | Galley |
| 22:35 | Create | Galley |
| 22:54 | Create | Villager (Male) |
| 22:54 | Create | Villager (Male) |
| 22:54 | Create | Villager (Male) |
| 23:08 | Create | Galley |
| 23:09 | Create | Galley |
| 23:11 | Create | Villager (Male) |
| 23:14 | Build | House |
| 23:23 | Build | House |
| 23:37 | Create | Galley |
| 23:38 | Create | Galley |
| 23:47 | Build | Dock |
| 23:53 | Build | House |
| 24:20 | Create | Galley |
| 24:20 | Create | Galley |
| 24:24 | Create | Villager (Male) |
| 24:29 | Build | Market |
| 25:02 | Create | Galley |
| 25:03 | Create | Galley |
| 25:03 | Create | Galley |
| 25:04 | Create | Villager (Male) |
| 25:05 | Create | Villager (Male) |
| 25:08 | Build | House |
| 25:53 | Create | Galley |
| 25:53 | Create | Galley |
| 25:54 | Create | Galley |
| 25:54 | Create | Galley |
| 25:59 | Create | Galley |
| 25:59 | Create | Galley |
| 25:59 | Create | Galley |
| 26:00 | Create | Galley |
| 26:23 | Create | Galley |
| 26:23 | Create | Galley |
| 27:07 | Research | Castle Age |
| 27:22 | Create | Galley |
| 27:23 | Create | Galley |
| 27:23 | Create | Galley |
| 27:24 | Create | Villager (Male) |
| 27:38 | Create | Galley |
| 27:39 | Create | Galley |
Build order — feshark
First 150 of 507 actions detected
| 0:49 | Build | Dock |
| 1:14 | Build | Town Center |
| 3:11 | Create | Villager (Male) |
| 3:11 | Create | Villager (Male) |
| 3:43 | Build | House |
| 3:47 | Research | Loom |
| 3:58 | Create | Villager (Male) |
| 4:20 | Create | Villager (Male) |
| 4:39 | Create | Villager (Male) |
| 5:11 | Create | Villager (Male) |
| 5:16 | Build | Mill |
| 5:27 | Build | House |
| 6:04 | Create | Villager (Male) |
| 6:04 | Create | Villager (Male) |
| 6:36 | Create | Villager (Male) |
| 6:37 | Create | Villager (Male) |
| 6:37 | Create | Villager (Male) |
| 6:41 | Create | Fishing Ship |
| 7:04 | Create | Villager (Male) |
| 7:05 | Create | Villager (Male) |
| 7:30 | Build | House |
| 7:32 | Create | Villager (Male) |
| 7:32 | Create | Villager (Male) |
| 8:00 | Create | Villager (Male) |
| 8:00 | Create | Villager (Male) |
| 8:12 | Create | Fishing Ship |
| 8:29 | Create | Villager (Male) |
| 8:29 | Create | Villager (Male) |
| 8:47 | Create | Fishing Ship |
| 8:56 | Build | House |
| 8:59 | Create | Villager (Male) |
| 9:00 | Create | Villager (Male) |
| 9:19 | Create | Villager (Male) |
| 9:36 | Create | Fishing Ship |
| 9:44 | Create | Villager (Male) |
| 9:46 | Create | Villager (Male) |
| 10:17 | Build | House |
| 10:43 | Create | Villager (Male) |
| 10:44 | Create | Villager (Male) |
| 10:54 | Build | Mill |
| 11:12 | Create | Villager (Male) |
| 11:43 | Build | House |
| 11:50 | Create | Villager (Male) |
| 12:04 | Build | Mining Camp |
| 12:08 | Create | Villager (Male) |
| 12:35 | Research | Feudal Age |
| 13:11 | Build | Lumber Camp |
| 14:17 | Create | Villager (Male) |
| 14:17 | Create | Villager (Male) |
| 14:59 | Age | Feudal Age |
| 15:00 | Build | Market |
| 15:03 | Build | Blacksmith |
| 15:44 | Research | Castle Age |
| 15:45 | Research | Castle Age |
| 16:10 | Research | Double-Bit Axe |
| 16:12 | Research | Tech 1014 |
| 17:14 | Create | Villager (Male) |
| 18:14 | Build | Mill |
| 18:29 | Age | Castle Age |
| 18:32 | Build | Town Center |
| 18:37 | Build | Town Center |
| 18:40 | Build | Town Center |
| 18:46 | Create | Villager (Male) |
| 18:46 | Create | Villager (Male) |
| 19:08 | Build | Barracks |
| 19:13 | Build | Palisade Wall |
| 19:21 | Build | Palisade Wall |
| 19:28 | Build | Palisade Wall |
| 19:31 | Build | Palisade Gate |
| 19:41 | Build | Palisade Gate |
| 19:49 | Build | Palisade Wall |
| 19:52 | Build | Palisade Wall |
| 19:54 | Build | Palisade Wall |
| 19:57 | Build | Palisade Wall |
| 19:58 | Build | Palisade Wall |
| 20:02 | Build | Palisade Wall |
| 20:09 | Create | Villager (Male) |
| 20:09 | Create | Villager (Male) |
| 20:19 | Build | Palisade Wall |
| 20:21 | Build | Palisade Wall |
| 20:24 | Build | Palisade Wall |
| 20:26 | Create | Villager (Male) |
| 20:26 | Create | Villager (Male) |
| 20:33 | Create | Villager (Male) |
| 20:34 | Create | Villager (Male) |
| 20:37 | Build | Palisade Wall |
| 20:39 | Build | Palisade Wall |
| 20:41 | Build | Palisade Wall |
| 20:43 | Build | Palisade Wall |
| 20:47 | Create | Villager (Male) |
| 21:08 | Build | Palisade Wall |
| 21:11 | Build | Palisade Wall |
| 21:26 | Create | Villager (Male) |
| 21:27 | Create | Villager (Male) |
| 21:27 | Create | Villager (Male) |
| 21:28 | Create | Villager (Male) |
| 21:28 | Create | Villager (Male) |
| 21:30 | Create | Spearman |
| 21:30 | Create | Spearman |
| 21:42 | Build | Pasture |
| 21:44 | Build | Pasture |
| 22:06 | Create | Spearman |
| 22:11 | Build | House |
| 22:12 | Build | House |
| 22:15 | Build | Mill |
| 22:18 | Create | Villager (Male) |
| 22:24 | Create | Spearman |
| 22:27 | Research | Wheelbarrow |
| 22:32 | Create | Villager (Male) |
| 22:32 | Create | Villager (Male) |
| 22:35 | Build | House |
| 22:36 | Build | House |
| 23:01 | Create | Villager (Male) |
| 23:01 | Create | Villager (Male) |
| 23:02 | Create | Villager (Male) |
| 23:09 | Build | Pasture |
| 23:11 | Create | Spearman |
| 23:19 | Build | Pasture |
| 23:38 | Build | Pasture |
| 23:40 | Create | Villager (Male) |
| 23:44 | Create | Spearman |
| 23:56 | Create | Villager (Male) |
| 23:57 | Create | Villager (Male) |
| 24:13 | Build | Pasture |
| 24:17 | Build | Pasture |
| 24:18 | Create | Villager (Male) |
| 24:19 | Create | Villager (Male) |
| 24:24 | Create | Spearman |
| 24:26 | Create | Villager (Male) |
| 24:26 | Create | Villager (Male) |
| 24:27 | Create | Villager (Male) |
| 24:27 | Create | Villager (Male) |
| 24:33 | Build | Pasture |
| 24:39 | Research | Bow Saw |
| 24:41 | Create | Villager (Male) |
| 24:41 | Create | Villager (Male) |
| 24:59 | Research | Forging |
| 25:00 | Create | Villager (Male) |
| 25:16 | Build | House |
| 25:17 | Build | House |
| 25:18 | Build | House |
| 25:23 | Research | Hand Cart |
| 25:24 | Create | Villager (Male) |
| 25:30 | Build | Pasture |
| 25:33 | Build | Pasture |
| 25:38 | Create | Villager (Male) |
| 25:39 | Create | Villager (Male) |
| 26:02 | Create | Spearman |
| 26:38 | Build | Mill |
| 26:38 | Create | Villager (Male) |
Build order — Driven
First 150 of 637 actions detected
| 1:31 | Build | Town Center |
| 2:26 | Build | House |
| 2:39 | Build | Mill |
| 3:11 | Create | Villager (Male) ×4 |
| 4:40 | Create | Villager (Male) |
| 4:47 | Build | House |
| 5:45 | Create | Villager (Male) |
| 6:03 | Create | Villager (Male) |
| 6:23 | Create | Villager (Male) |
| 6:24 | Create | Villager (Male) |
| 6:37 | Create | Villager (Male) |
| 7:15 | Research | Loom |
| 7:38 | Create | Villager (Male) |
| 7:38 | Create | Villager (Male) |
| 7:48 | Build | House |
| 8:02 | Build | Mill |
| 8:46 | Create | Villager (Male) |
| 8:46 | Create | Villager (Male) |
| 9:00 | Create | Villager (Male) |
| 9:24 | Create | Villager (Male) |
| 9:58 | Build | House |
| 10:02 | Create | Villager (Male) |
| 10:25 | Create | Villager (Male) |
| 10:48 | Create | Villager (Male) |
| 11:06 | Build | Mule Cart |
| 12:15 | Research | Feudal Age |
| 12:43 | Build | Mule Cart |
| 12:51 | Build | Mule Cart |
| 12:54 | Create | Villager (Male) |
| 12:54 | Create | Villager (Male) |
| 14:25 | Create | Villager (Male) |
| 14:25 | Age | Feudal Age |
| 14:40 | Create | Villager (Male) |
| 14:46 | Build | Barracks |
| 14:52 | Create | Villager (Male) |
| 15:46 | Build | Stable |
| 15:49 | Create | Villager (Male) |
| 16:00 | Create | Villager (Male) |
| 16:12 | Build | House |
| 16:13 | Build | House |
| 16:24 | Research | Double-Bit Axe |
| 16:41 | Create | Scout Cavalry |
| 16:42 | Create | Scout Cavalry |
| 16:42 | Create | Scout Cavalry |
| 16:42 | Create | Scout Cavalry |
| 16:50 | Build | House |
| 17:27 | Create | Villager (Male) |
| 17:58 | Create | Villager (Male) |
| 18:21 | Create | Scout Cavalry |
| 18:22 | Create | Scout Cavalry |
| 18:46 | Create | Scout Cavalry |
| 19:10 | Create | Villager (Male) |
| 19:11 | Create | Villager (Male) |
| 20:01 | Create | Villager (Male) |
| 20:02 | Create | Villager (Male) |
| 20:04 | Create | Scout Cavalry |
| 20:40 | Create | Scout Cavalry |
| 20:45 | Build | House |
| 21:15 | Create | Villager (Male) |
| 21:15 | Create | Villager (Male) |
| 21:20 | Build | Farm |
| 21:20 | Build | Farm |
| 21:20 | Build | Farm |
| 21:20 | Build | Farm |
| 21:21 | Build | Farm |
| 21:21 | Build | Farm |
| 21:21 | Build | Farm |
| 21:21 | Build | Farm |
| 21:21 | Build | Farm |
| 21:22 | Build | Farm |
| 21:22 | Build | Farm |
| 21:22 | Build | Farm |
| 21:28 | Build | Market |
| 21:42 | Create | Scout Cavalry |
| 21:46 | Build | Archery Range |
| 22:10 | Create | Villager (Male) |
| 22:11 | Create | Villager (Male) |
| 22:49 | Create | Villager (Male) |
| 22:52 | Build | House |
| 23:15 | Build | Archery Range |
| 23:31 | Create | Villager (Male) |
| 23:32 | Build | House |
| 24:13 | Create | Villager (Male) |
| 24:17 | Build | Farm |
| 24:43 | Build | Outpost |
| 25:07 | Build | Farm |
| 25:13 | Research | Castle Age |
| 26:18 | Build | Outpost |
| 27:00 | Create | Scout Cavalry |
| 27:00 | Create | Scout Cavalry |
| 27:31 | Create | Villager (Male) |
| 27:40 | Build | Outpost |
| 27:42 | Research | Town Watch |
| 27:44 | Create | Villager (Male) |
| 27:53 | Age | Castle Age |
| 27:57 | Create | Cavalry Archer |
| 27:57 | Create | Cavalry Archer |
| 27:59 | Create | Cavalry Archer |
| 28:00 | Create | Cavalry Archer |
| 28:00 | Create | Cavalry Archer |
| 28:01 | Create | Villager (Male) |
| 28:13 | Create | Cavalry Archer |
| 28:14 | Create | Cavalry Archer |
| 28:24 | Build | Blacksmith |
| 28:32 | Create | Cavalry Archer |
| 28:33 | Create | Cavalry Archer |
| 28:36 | Build | House |
| 28:59 | Create | Cavalry Archer |
| 29:00 | Create | Cavalry Archer |
| 29:09 | Create | Villager (Male) |
| 29:10 | Create | Villager (Male) |
| 29:13 | Research | Wheelbarrow |
| 29:13 | Create | Villager (Male) |
| 29:14 | Research | Bow Saw |
| 29:19 | Create | Cavalry Archer |
| 29:20 | Create | Cavalry Archer |
| 29:51 | Create | Villager (Male) |
| 30:07 | Create | Cavalry Archer |
| 30:07 | Create | Cavalry Archer |
| 30:07 | Create | Cavalry Archer |
| 30:08 | Create | Cavalry Archer |
| 30:08 | Create | Cavalry Archer |
| 30:12 | Build | Archery Range |
| 30:16 | Create | Villager (Male) |
| 30:18 | Build | Farm |
| 30:20 | Research | Fletching |
| 30:25 | Create | Villager (Male) |
| 30:28 | Build | University |
| 31:00 | Create | Villager (Male) |
| 31:10 | Create | Villager (Male) |
| 31:26 | Create | Cavalry Archer |
| 31:26 | Create | Cavalry Archer |
| 31:28 | Build | Archery Range |
| 31:32 | Research | Bodkin Arrow |
| 31:36 | Research | Padded Archer Armor |
| 31:38 | Build | House |
| 31:38 | Build | House |
| 31:39 | Build | House |
| 31:41 | Build | House |
| 32:00 | Create | Villager (Male) |
| 32:03 | Build | House |
| 32:09 | Research | Bloodlines |
| 32:10 | Research | Husbandry |
| 32:43 | Create | Cavalry Archer |
| 32:43 | Create | Cavalry Archer |
| 32:43 | Create | Cavalry Archer |
| 32:43 | Create | Cavalry Archer |
| 32:47 | Create | Cavalry Archer |
| 32:52 | Create | Villager (Male) |
| 32:57 | Create | Villager (Male) |
Build order — g_ermeric
First 150 of 604 actions detected
| 2:24 | Build | Town Center |
| 3:57 | Build | House |
| 4:04 | Create | Villager (Male) |
| 4:05 | Create | Villager (Male) |
| 4:05 | Create | Villager (Male) |
| 5:10 | Create | Villager (Male) |
| 5:25 | Build | House |
| 5:51 | Create | Villager (Male) |
| 6:15 | Create | Villager (Male) |
| 6:39 | Create | Villager (Male) |
| 6:41 | Build | House |
| 6:57 | Research | Loom |
| 7:06 | Create | Villager (Male) |
| 7:26 | Create | Villager (Male) |
| 7:27 | Create | Villager (Male) |
| 7:47 | Create | Villager (Male) |
| 8:06 | Build | Mill |
| 8:30 | Create | Villager (Male) |
| 9:10 | Create | Villager (Male) |
| 9:12 | Build | House |
| 9:40 | Create | Villager (Male) |
| 10:02 | Build | Mill |
| 10:08 | Create | Villager (Male) |
| 10:15 | Build | House |
| 10:26 | Create | Villager (Male) |
| 10:56 | Build | Mill |
| 11:02 | Create | Villager (Male) |
| 11:22 | Create | Villager (Male) |
| 11:46 | Build | Mining Camp |
| 11:48 | Create | Villager (Male) |
| 12:13 | Create | Villager (Male) |
| 12:47 | Create | Villager (Male) |
| 13:08 | Research | Feudal Age |
| 13:56 | Build | Lumber Camp |
| 14:47 | Create | Villager (Male) |
| 14:47 | Create | Villager (Male) |
| 15:24 | Age | Feudal Age |
| 15:34 | Build | Market |
| 15:38 | Build | Blacksmith |
| 15:49 | Build | Blacksmith |
| 16:04 | Create | Villager (Male) |
| 16:42 | Research | Castle Age |
| 16:55 | Build | Stone Wall |
| 17:01 | Build | Stone Wall |
| 17:41 | Research | Double-Bit Axe |
| 18:38 | Research | Horse Collar |
| 19:00 | Build | Barracks |
| 19:11 | Create | Villager (Male) |
| 19:19 | Build | Palisade Wall |
| 19:20 | Build | Palisade Wall |
| 19:22 | Age | Castle Age |
| 19:26 | Create | Villager (Male) |
| 19:37 | Create | Spearman |
| 19:37 | Create | Spearman |
| 19:41 | Create | Spearman |
| 19:50 | Create | Spearman |
| 20:01 | Build | Town Center |
| 20:05 | Build | Palisade Wall |
| 20:06 | Build | Palisade Wall |
| 20:08 | Build | Palisade Wall |
| 20:18 | Create | Spearman |
| 20:29 | Create | Spearman |
| 20:38 | Create | Villager (Male) |
| 20:38 | Create | Villager (Male) |
| 20:57 | Create | Spearman |
| 21:08 | Create | Villager (Male) |
| 21:14 | Build | Town Center |
| 21:15 | Create | Spearman |
| 21:26 | Create | Villager (Male) |
| 21:39 | Create | Villager (Male) |
| 21:42 | Build | Stone Wall |
| 21:45 | Create | Villager (Male) |
| 21:54 | Create | Spearman |
| 22:05 | Create | Villager (Male) |
| 22:21 | Build | Farm |
| 22:22 | Build | House |
| 22:23 | Build | House |
| 22:33 | Build | Farm |
| 22:36 | Create | Villager (Male) |
| 22:38 | Create | Villager (Male) |
| 22:45 | Create | Spearman |
| 22:47 | Create | Villager (Male) |
| 22:55 | Create | Villager (Male) |
| 23:08 | Create | Villager (Male) |
| 23:11 | Create | Villager (Male) |
| 23:29 | Build | Stone Wall |
| 23:39 | Build | Lumber Camp |
| 23:42 | Create | Villager (Male) |
| 23:42 | Create | Villager (Male) |
| 23:43 | Create | Villager (Male) |
| 23:53 | Create | Villager (Male) |
| 23:56 | Build | Town Center |
| 24:00 | Create | Spearman |
| 24:20 | Create | Villager (Male) |
| 24:22 | Create | Villager (Male) |
| 24:24 | Build | House |
| 24:25 | Build | House |
| 24:53 | Create | Villager (Male) |
| 24:53 | Create | Villager (Male) |
| 24:54 | Create | Villager (Male) |
| 24:56 | Build | House |
| 25:27 | Create | Villager (Male) |
| 25:46 | Create | Villager (Male) |
| 25:49 | Create | Villager (Male) |
| 25:52 | Create | Villager (Male) |
| 25:56 | Build | House |
| 25:58 | Build | Monastery |
| 26:08 | Build | House |
| 26:11 | Create | Villager (Male) |
| 26:12 | Create | Villager (Male) |
| 26:12 | Create | Villager (Male) |
| 26:13 | Create | Villager (Male) |
| 26:13 | Create | Villager (Male) |
| 26:14 | Create | Villager (Male) |
| 26:24 | Build | Town Center |
| 26:34 | Build | Palisade Wall |
| 26:48 | Build | House |
| 27:01 | Create | Villager (Male) |
| 27:07 | Create | Villager (Male) |
| 27:08 | Create | Villager (Male) |
| 27:09 | Create | Villager (Male) |
| 27:10 | Create | Monk |
| 27:15 | Build | University |
| 27:17 | Build | Farm |
| 27:19 | Create | Villager (Male) |
| 27:20 | Create | Villager (Male) |
| 27:20 | Create | Villager (Male) |
| 27:21 | Research | Wheelbarrow |
| 27:46 | Create | Villager (Male) |
| 27:47 | Create | Villager (Male) |
| 28:07 | Build | Farm |
| 28:12 | Build | Farm |
| 28:15 | Create | Villager (Male) |
| 28:15 | Create | Villager (Male) |
| 28:16 | Create | Villager (Male) |
| 28:16 | Create | Villager (Male) |
| 28:16 | Create | Villager (Male) |
| 28:17 | Create | Villager (Male) |
| 28:17 | Create | Villager (Male) |
| 28:27 | Create | Villager (Male) |
| 28:29 | Create | Villager (Male) |
| 28:38 | Build | Farm |
| 28:40 | Build | Farm |
| 28:56 | Build | Farm |
| 28:57 | Build | Farm |
| 29:03 | Build | Farm |
| 29:05 | Build | Farm |
| 29:08 | Build | Farm |
| 29:10 | Create | Villager (Male) |
| 29:10 | Create | Villager (Male) |
Build order — treehugger
First 150 of 550 actions detected
| 0:55 | Build | Town Center |
| 2:29 | Create | Villager (Male) |
| 2:29 | Create | Villager (Male) |
| 2:29 | Create | Villager (Male) |
| 2:30 | Create | Villager (Male) |
| 2:55 | Build | Mill |
| 2:59 | Build | House |
| 3:03 | Research | Loom |
| 3:03 | Create | Villager (Male) |
| 3:05 | Create | Villager (Male) |
| 3:05 | Create | Villager (Male) |
| 4:04 | Build | House |
| 4:33 | Create | Villager (Male) |
| 5:00 | Create | Villager (Male) |
| 5:00 | Create | Villager (Male) |
| 5:29 | Create | Villager (Male) |
| 5:29 | Create | Villager (Male) |
| 5:41 | Create | Villager (Male) |
| 5:56 | Create | Villager (Male) |
| 6:26 | Build | House |
| 6:38 | Create | Villager (Male) |
| 6:38 | Create | Villager (Male) |
| 7:11 | Build | Lumber Camp |
| 7:14 | Create | Villager (Male) |
| 7:50 | Create | Villager (Male) |
| 8:24 | Create | Villager (Male) |
| 8:40 | Create | Villager (Male) |
| 8:44 | Build | Mill |
| 9:05 | Create | Villager (Male) |
| 9:20 | Build | House |
| 9:37 | Create | Villager (Male) |
| 9:38 | Create | Villager (Male) |
| 9:54 | Create | Villager (Male) |
| 10:29 | Build | Dock |
| 10:38 | Create | Villager (Male) |
| 11:15 | Build | House |
| 11:22 | Research | Feudal Age |
| 11:56 | Build | Mining Camp |
| 12:12 | Create | Fishing Ship |
| 12:58 | Create | Fishing Ship |
| 13:35 | Age | Feudal Age |
| 13:41 | Create | Villager (Male) |
| 13:41 | Create | Villager (Male) |
| 13:53 | Research | Double-Bit Axe |
| 13:55 | Research | Horse Collar |
| 14:02 | Build | House |
| 14:02 | Build | Palisade Wall |
| 14:07 | Build | Palisade Gate |
| 14:08 | Build | Palisade Wall |
| 14:16 | Create | Villager (Male) |
| 14:30 | Build | House |
| 14:32 | Build | Palisade Wall |
| 14:32 | Build | Palisade Wall |
| 14:33 | Build | Palisade Wall |
| 14:33 | Build | Palisade Wall |
| 14:33 | Build | Palisade Wall |
| 14:41 | Research | Wheelbarrow |
| 15:36 | Create | Villager (Male) |
| 15:46 | Build | Blacksmith |
| 16:05 | Create | Villager (Male) |
| 16:28 | Build | Market |
| 16:36 | Create | Villager (Male) |
| 16:45 | Build | Lumber Camp |
| 17:09 | Create | Villager (Male) |
| 17:19 | Research | Gold Mining |
| 17:40 | Research | Stone Mining |
| 17:46 | Research | Castle Age |
| 17:53 | Build | Mining Camp |
| 18:16 | Build | Farm |
| 18:17 | Build | Farm |
| 18:18 | Build | Farm |
| 18:19 | Build | Farm |
| 18:23 | Build | Farm |
| 18:34 | Build | House |
| 18:39 | Build | Palisade Wall |
| 18:40 | Build | Palisade Wall |
| 18:42 | Build | House |
| 19:05 | Build | Farm |
| 19:30 | Create | Fishing Ship |
| 19:30 | Create | Fishing Ship |
| 19:56 | Build | Dock |
| 20:06 | Create | Villager (Male) |
| 20:26 | Create | Villager (Male) |
| 20:26 | Age | Castle Age |
| 20:32 | Build | Town Center |
| 20:42 | Build | Farm |
| 20:45 | Research | Bow Saw |
| 20:49 | Create | Villager (Male) |
| 20:52 | Research | Tech 906 |
| 21:05 | Research | Scale Barding Armor |
| 21:05 | Research | Forging |
| 21:11 | Research | Gold Shaft Mining |
| 21:19 | Create | Villager (Male) |
| 21:25 | Build | House |
| 21:26 | Build | House |
| 21:34 | Create | Villager (Male) |
| 21:52 | Build | Town Center |
| 22:12 | Create | Villager (Male) |
| 22:13 | Create | Villager (Male) |
| 22:13 | Create | Villager (Male) |
| 22:19 | Build | Barracks |
| 22:30 | Research | Stone Shaft Mining |
| 22:30 | Create | Villager (Male) |
| 22:53 | Create | Fishing Ship |
| 23:04 | Create | Fishing Ship |
| 23:06 | Create | Villager (Male) |
| 23:07 | Create | Villager (Male) |
| 23:19 | Create | Villager (Male) |
| 23:19 | Create | Villager (Male) |
| 23:20 | Create | Villager (Male) |
| 23:20 | Create | Villager (Male) |
| 23:21 | Create | Villager (Male) |
| 23:25 | Build | Barracks |
| 23:29 | Build | Farm |
| 23:30 | Build | Farm |
| 23:31 | Build | Farm |
| 23:37 | Research | Heavy Plow |
| 23:41 | Create | Villager (Male) |
| 23:51 | Build | Lumber Camp |
| 23:59 | Create | Villager (Male) |
| 24:08 | Create | Villager (Male) |
| 24:11 | Build | Stable |
| 24:19 | Build | Farm |
| 24:20 | Build | Farm |
| 24:24 | Create | Villager (Male) |
| 24:25 | Create | Villager (Male) |
| 24:26 | Create | Villager (Male) |
| 24:32 | Build | House |
| 24:36 | Create | Villager (Male) |
| 25:11 | Build | Outpost |
| 25:15 | Build | Outpost |
| 25:21 | Create | Villager (Male) |
| 25:22 | Create | Villager (Male) |
| 25:25 | Create | Unit 1944 |
| 25:25 | Create | Unit 1944 |
| 25:25 | Create | Unit 1944 |
| 25:29 | Create | Villager (Male) |
| 25:30 | Create | Villager (Male) |
| 25:31 | Create | Villager (Male) |
| 25:42 | Build | Town Center |
| 25:58 | Research | Town Watch |
| 25:59 | Create | Villager (Male) |
| 26:02 | Build | House |
| 26:03 | Build | House |
| 26:03 | Build | House |
| 26:06 | Create | Villager (Male) |
| 26:10 | Build | Farm |
| 26:12 | Build | Farm |
| 26:16 | Build | Farm |
| 26:19 | Build | Farm |
Build order — w h i z.
First 150 of 469 actions detected
| 1:28 | Build | Town Center |
| 3:00 | Create | Villager (Male) |
| 3:00 | Create | Villager (Male) |
| 3:00 | Create | Villager (Male) |
| 3:01 | Create | Villager (Male) |
| 3:01 | Create | Villager (Male) |
| 4:12 | Create | Villager (Male) |
| 4:38 | Create | Villager (Male) |
| 4:58 | Create | Villager (Male) |
| 5:10 | Build | Lumber Camp |
| 5:15 | Create | Villager (Male) |
| 6:10 | Create | Villager (Male) |
| 6:19 | Create | Villager (Male) |
| 6:54 | Create | Villager (Male) |
| 7:19 | Create | Villager (Male) |
| 7:42 | Build | Mill |
| 7:45 | Create | Villager (Male) |
| 8:05 | Research | Loom |
| 8:07 | Create | Villager (Male) |
| 8:29 | Create | Villager (Male) |
| 8:59 | Create | Villager (Male) |
| 9:21 | Create | Villager (Male) |
| 9:35 | Create | Villager (Male) |
| 10:08 | Create | Villager (Male) |
| 10:38 | Create | Villager (Male) |
| 11:10 | Research | Feudal Age |
| 11:25 | Build | Mining Camp |
| 13:55 | Age | Feudal Age |
| 13:59 | Build | Market |
| 14:03 | Build | Blacksmith |
| 14:04 | Create | Villager (Male) |
| 14:04 | Create | Villager (Male) |
| 14:17 | Research | Double-Bit Axe |
| 14:19 | Research | Horse Collar |
| 14:52 | Research | Castle Age |
| 17:34 | Age | Castle Age |
| 17:39 | Build | Town Center |
| 17:41 | Create | Villager (Male) |
| 17:46 | Build | Town Center |
| 17:48 | Research | Bow Saw |
| 17:50 | Research | Heavy Plow |
| 17:52 | Create | Villager (Male) |
| 18:30 | Create | Villager (Male) |
| 19:00 | Create | Villager (Male) |
| 19:02 | Create | Villager (Male) |
| 19:05 | Create | Villager (Male) |
| 19:05 | Create | Villager (Male) |
| 19:12 | Create | Villager (Male) |
| 19:14 | Create | Villager (Male) |
| 19:14 | Create | Villager (Male) |
| 19:20 | Build | Farm |
| 19:22 | Build | Farm |
| 19:25 | Build | Farm |
| 19:34 | Create | Villager (Male) |
| 19:34 | Create | Villager (Male) |
| 19:52 | Build | Farm |
| 19:54 | Build | Farm |
| 19:57 | Create | Villager (Male) |
| 19:57 | Create | Villager (Male) |
| 20:01 | Build | Barracks |
| 20:07 | Create | Villager (Male) |
| 20:07 | Create | Villager (Male) |
| 20:22 | Build | Town Center |
| 20:26 | Create | Villager (Male) |
| 20:27 | Create | Villager (Male) |
| 20:27 | Create | Villager (Male) |
| 20:39 | Build | Farm |
| 20:43 | Create | Villager (Male) |
| 20:45 | Build | Farm |
| 20:48 | Build | Farm |
| 20:54 | Build | Farm |
| 20:58 | Research | Wheelbarrow |
| 21:04 | Build | Farm |
| 21:08 | Create | Villager (Male) |
| 21:09 | Create | Villager (Male) |
| 21:11 | Build | Farm |
| 21:25 | Create | Villager (Male) |
| 21:26 | Create | Villager (Male) |
| 21:31 | Build | Farm |
| 21:37 | Build | Farm |
| 21:42 | Research | Town Watch |
| 22:02 | Create | Villager (Male) |
| 22:03 | Create | Villager (Male) |
| 22:03 | Create | Villager (Male) |
| 22:17 | Build | Farm |
| 22:19 | Build | Farm |
| 22:21 | Create | Villager (Male) |
| 22:29 | Build | Stable |
| 22:33 | Create | Villager (Male) |
| 22:34 | Create | Villager (Male) |
| 22:35 | Create | Villager (Male) |
| 22:35 | Create | Villager (Male) |
| 22:36 | Build | Farm |
| 22:37 | Build | Farm |
| 22:44 | Create | Villager (Male) |
| 22:44 | Create | Villager (Male) |
| 23:02 | Build | Farm |
| 23:11 | Create | Villager (Male) |
| 23:12 | Create | Villager (Male) |
| 23:12 | Create | Villager (Male) |
| 23:12 | Create | Villager (Male) |
| 23:21 | Research | Gold Mining |
| 23:29 | Build | Archery Range |
| 23:30 | Build | Archery Range |
| 23:37 | Create | Villager (Male) |
| 23:37 | Create | Villager (Male) |
| 23:45 | Build | Lumber Camp |
| 23:50 | Create | Villager (Male) |
| 23:51 | Create | Villager (Male) |
| 23:51 | Create | Villager (Male) |
| 23:51 | Create | Villager (Male) |
| 23:52 | Create | Villager (Male) |
| 23:52 | Create | Villager (Male) |
| 23:54 | Build | Farm |
| 23:56 | Build | Farm |
| 24:03 | Create | Villager (Male) |
| 24:03 | Create | Villager (Male) |
| 24:07 | Create | Villager (Male) |
| 24:07 | Create | Villager (Male) |
| 24:09 | Build | Farm |
| 24:15 | Create | Villager (Male) |
| 24:23 | Build | Monastery |
| 24:26 | Create | Villager (Male) |
| 24:29 | Build | Farm |
| 24:30 | Create | Villager (Male) |
| 24:41 | Build | Stone Wall |
| 24:45 | Create | Villager (Male) |
| 24:45 | Create | Villager (Male) |
| 24:46 | Create | Villager (Male) |
| 24:46 | Create | Villager (Male) |
| 24:50 | Build | Farm |
| 24:51 | Build | Farm |
| 24:54 | Create | Villager (Male) |
| 25:02 | Build | Farm |
| 25:08 | Build | Farm |
| 25:16 | Create | Villager (Male) |
| 25:16 | Create | Villager (Male) |
| 25:16 | Create | Villager (Male) |
| 25:17 | Create | Villager (Male) |
| 25:21 | Build | Farm |
| 25:23 | Build | Farm |
| 25:26 | Create | Villager (Male) |
| 25:27 | Create | Villager (Male) |
| 25:29 | Build | Farm |
| 25:37 | Build | Lumber Camp |
| 25:38 | Create | Monk |
| 25:41 | Create | Villager (Male) |
| 25:41 | Create | Villager (Male) |
| 25:46 | Build | Farm |
| 25:52 | Create | Villager (Male) |
Build order — ost.nostalgia
First 150 of 587 actions detected
| 1:24 | Build | Town Center |
| 2:57 | Create | Villager (Male) |
| 2:57 | Create | Villager (Male) |
| 3:01 | Build | House |
| 3:15 | Create | Villager (Male) |
| 3:15 | Create | Villager (Male) |
| 3:15 | Create | Villager (Male) |
| 3:34 | Build | Dock |
| 4:41 | Build | House |
| 4:42 | Research | Loom |
| 5:14 | Create | Villager (Male) |
| 5:14 | Create | Villager (Male) |
| 5:15 | Create | Villager (Male) |
| 5:23 | Create | Fishing Ship |
| 5:27 | Create | Villager (Male) |
| 5:27 | Create | Villager (Male) |
| 5:58 | Create | Villager (Male) |
| 5:58 | Create | Villager (Male) |
| 5:59 | Create | Villager (Male) |
| 6:24 | Create | Villager (Male) |
| 6:24 | Create | Villager (Male) |
| 6:24 | Create | Villager (Male) |
| 6:34 | Build | House |
| 6:50 | Create | Villager (Male) |
| 6:50 | Create | Villager (Male) |
| 6:50 | Create | Villager (Male) |
| 6:52 | Create | Fishing Ship |
| 7:19 | Create | Villager (Male) |
| 7:19 | Create | Villager (Male) |
| 7:19 | Create | Villager (Male) |
| 7:54 | Create | Villager (Male) |
| 7:54 | Create | Villager (Male) |
| 8:00 | Create | Fishing Ship |
| 8:11 | Build | House |
| 8:21 | Create | Villager (Male) |
| 8:21 | Create | Villager (Male) |
| 8:51 | Build | House |
| 8:55 | Create | Fishing Ship |
| 8:55 | Create | Fishing Ship |
| 8:59 | Create | Villager (Male) |
| 9:00 | Create | Villager (Male) |
| 9:00 | Create | Villager (Male) |
| 9:35 | Build | Mill |
| 9:53 | Create | Villager (Male) |
| 9:53 | Create | Villager (Male) |
| 10:07 | Build | Outpost |
| 10:26 | Create | Fishing Ship |
| 10:58 | Create | Villager (Male) |
| 11:03 | Create | Fishing Ship |
| 11:29 | Research | Feudal Age |
| 11:34 | Build | Dock |
| 11:56 | Create | Fishing Ship |
| 12:06 | Build | House |
| 12:38 | Build | Mining Camp |
| 12:55 | Create | Villager (Male) |
| 12:56 | Create | Villager (Male) |
| 13:04 | Build | Outpost |
| 13:40 | Age | Feudal Age |
| 13:43 | Create | Unit 2626 |
| 13:43 | Create | Unit 2626 |
| 13:44 | Create | Fire Galley |
| 13:44 | Create | Fire Galley |
| 13:49 | Create | Villager (Male) |
| 13:59 | Build | Outpost |
| 14:09 | Build | House |
| 14:35 | Build | Lumber Camp |
| 14:47 | Create | Fire Galley |
| 15:00 | Create | Villager (Male) |
| 15:00 | Create | Villager (Male) |
| 15:01 | Create | Villager (Male) |
| 15:11 | Build | House |
| 15:43 | Build | Palisade Gate |
| 15:47 | Build | House |
| 16:04 | Build | House |
| 16:07 | Build | House |
| 16:46 | Create | Fire Galley |
| 16:46 | Create | Unit 2626 |
| 16:47 | Create | Fire Galley |
| 16:47 | Create | Unit 2626 |
| 17:11 | Create | Villager (Male) |
| 17:11 | Create | Villager (Male) |
| 17:26 | Build | Market |
| 17:57 | Create | Villager (Male) |
| 18:28 | Create | Villager (Male) |
| 18:29 | Create | Villager (Male) |
| 18:32 | Build | Blacksmith |
| 19:34 | Build | Barracks |
| 19:35 | Research | Castle Age |
| 19:36 | Research | Castle Age |
| 20:11 | Create | Unit 2626 |
| 20:11 | Create | Fire Galley |
| 20:11 | Create | Unit 2626 |
| 20:12 | Create | Fire Galley |
| 20:12 | Create | Unit 2626 |
| 22:15 | Age | Castle Age |
| 22:33 | Build | Town Center |
| 22:38 | Research | War Galley (upgrade) |
| 22:38 | Research | War Galley (upgrade) |
| 23:04 | Create | Fire Galley |
| 23:05 | Create | Fire Galley |
| 23:38 | Create | Villager (Male) |
| 23:38 | Create | Villager (Male) |
| 23:38 | Create | Villager (Male) |
| 23:39 | Create | Villager (Male) |
| 23:39 | Create | Villager (Male) |
| 24:10 | Create | Fire Galley |
| 24:10 | Create | Fire Galley |
| 24:11 | Create | Fire Galley |
| 24:19 | Create | Villager (Male) |
| 24:20 | Create | Villager (Male) |
| 24:20 | Create | Villager (Male) |
| 24:24 | Create | Villager (Male) |
| 24:24 | Create | Villager (Male) |
| 24:24 | Create | Villager (Male) |
| 24:24 | Create | Villager (Male) |
| 24:25 | Create | Villager (Male) |
| 25:07 | Create | Villager (Male) |
| 25:10 | Build | Lumber Camp |
| 25:23 | Build | Town Center |
| 25:55 | Research | Tech 906 |
| 25:55 | Research | Tech 906 |
| 26:25 | Create | Villager (Male) |
| 26:43 | Research | Wheelbarrow |
| 27:17 | Create | Villager (Male) |
| 27:18 | Create | Villager (Male) |
| 27:21 | Create | Villager (Male) |
| 27:21 | Create | Villager (Male) |
| 27:24 | Create | Villager (Male) |
| 27:25 | Create | Villager (Male) |
| 27:51 | Build | Siege Workshop |
| 28:26 | Create | Villager (Male) |
| 28:27 | Create | Villager (Male) |
| 28:27 | Create | Villager (Male) |
| 28:33 | Build | Farm |
| 28:34 | Build | Farm |
| 28:34 | Build | Farm |
| 28:34 | Build | Farm |
| 28:34 | Build | Farm |
| 28:35 | Build | Farm |
| 28:35 | Build | Farm |
| 28:35 | Build | Farm |
| 28:36 | Build | Farm |
| 28:36 | Build | Farm |
| 28:48 | Build | Farm |
| 28:48 | Build | Farm |
| 28:48 | Build | Farm |
| 28:48 | Build | Farm |
| 28:49 | Build | Farm |
| 28:49 | Build | Farm |
| 28:59 | Create | Villager (Male) |
Match timeline
| 0:49 | feshark · first_building Dock |
| 0:50 | It‘s today · first_building Dock |
| 3:34 | ost.nostalgia · first_building Dock |
| 10:29 | treehugger · first_building Dock |
| 10:44 | [Anvil] Suicidal Meat Shield · wall_segment Palisade Wall x1 |
| 11:47 | [Anvil] Suicidal Meat Shield · wall_segment Palisade Wall x1 |
| 11:48 | [Anvil] Suicidal Meat Shield · wall_segment Palisade Wall x1 |
| 12:21 | [Anvil] Suicidal Meat Shield · wall_segment Palisade Wall x1 |
| 12:24 | [Anvil] Suicidal Meat Shield · wall_segment Palisade Wall x1 |
| 12:24 | [Anvil] Suicidal Meat Shield · wall_segment Palisade Wall x1 |
| 12:25 | [Anvil] Suicidal Meat Shield · wall_segment Palisade Wall x1 |
| 13:01 | [Anvil] Suicidal Meat Shield · first_building Dock |
| 13:21 | [Anvil] Suicidal Meat Shield · wall_segment Palisade Wall x1 |
| 13:22 | [Anvil] Suicidal Meat Shield · wall_segment Palisade Wall x1 |
| 13:22 | [Anvil] Suicidal Meat Shield · wall_segment Palisade Wall x1 |
| 13:35 | treehugger · age_up feudal |
| 13:40 | ost.nostalgia · age_up feudal |
| 13:43 | [Anvil] Suicidal Meat Shield · age_up feudal |
| 13:55 | w h i z. · age_up feudal |
| 14:02 | treehugger · wall_segment Palisade Wall x1 |
| 14:08 | treehugger · wall_segment Palisade Wall x1 |
| 14:25 | Driven · age_up feudal |
| 14:32 | treehugger · wall_segment Palisade Wall x1 |
| 14:32 | treehugger · wall_segment Palisade Wall x1 |
| 14:33 | treehugger · wall_segment Palisade Wall x1 |
| 14:33 | treehugger · wall_segment Palisade Wall x1 |
| 14:33 | treehugger · wall_segment Palisade Wall x1 |
| 14:46 | Driven · first_building Barracks |
| 14:59 | feshark · age_up feudal |
| 15:24 | g_ermeric · age_up feudal |
| 15:46 | Driven · first_building Stable |
| 15:55 | It‘s today · age_up feudal |
| 16:35 | g_ermeric · first_market_sell 100 stone |
| 16:55 | g_ermeric · wall_segment Stone Wall x15 |
| 17:01 | g_ermeric · wall_segment Stone Wall x5 |
| 17:34 | w h i z. · age_up castle |
| 18:29 | feshark · age_up castle |
| 18:39 | treehugger · wall_segment Palisade Wall x1 |
| 18:40 | treehugger · wall_segment Palisade Wall x1 |
| 19:00 | g_ermeric · first_building Barracks |
| 19:08 | feshark · first_building Barracks |
| 19:13 | feshark · wall_segment Palisade Wall x1 |
| 19:19 | g_ermeric · wall_segment Palisade Wall x1 |
| 19:20 | g_ermeric · wall_segment Palisade Wall x1 |
| 19:21 | feshark · wall_segment Palisade Wall x1 |
| 19:22 | g_ermeric · age_up castle |
| 19:27 | It‘s today · first_market_sell 100 food |
| 19:27 | It‘s today · age_up castle |
| 19:28 | feshark · wall_segment Palisade Wall x1 |
| 19:34 | ost.nostalgia · first_building Barracks |
| 19:49 | feshark · wall_segment Palisade Wall x1 |
| 19:52 | feshark · wall_segment Palisade Wall x1 |
| 19:54 | feshark · wall_segment Palisade Wall x1 |
| 19:57 | feshark · wall_segment Palisade Wall x1 |
| 19:58 | feshark · wall_segment Palisade Wall x1 |
| 20:01 | w h i z. · first_building Barracks |
| 20:02 | feshark · wall_segment Palisade Wall x1 |
| 20:05 | g_ermeric · wall_segment Palisade Wall x1 |
| 20:06 | g_ermeric · wall_segment Palisade Wall x1 |
| 20:08 | g_ermeric · wall_segment Palisade Wall x1 |
| 20:19 | feshark · wall_segment Palisade Wall x1 |
| 20:21 | treehugger · first_market_buy 100 wood |
| 20:21 | feshark · wall_segment Palisade Wall x1 |
| 20:24 | feshark · wall_segment Palisade Wall x1 |
| 20:26 | treehugger · age_up castle |
| 20:37 | feshark · wall_segment Palisade Wall x1 |
| 20:39 | feshark · wall_segment Palisade Wall x1 |
| 20:41 | feshark · wall_segment Palisade Wall x1 |
| 20:43 | feshark · wall_segment Palisade Wall x1 |
| 21:08 | feshark · wall_segment Palisade Wall x1 |
| 21:11 | feshark · wall_segment Palisade Wall x1 |
| 21:42 | g_ermeric · wall_segment Stone Wall x5 |
| 21:46 | Driven · first_building Archery Range |
| 22:15 | ost.nostalgia · age_up castle |
| 22:19 | treehugger · first_building Barracks |
| 22:29 | w h i z. · first_building Stable |
| 23:29 | w h i z. · first_building Archery Range |
| 23:29 | g_ermeric · wall_segment Stone Wall x7 |
| 24:11 | treehugger · first_building Stable |
| 24:23 | w h i z. · first_building Monastery |
| 24:41 | w h i z. · wall_segment Stone Wall x11 |
| 25:10 | Driven · first_market_sell 500 wood |
| 25:11 | Driven · first_market_buy 100 food |
| 25:58 | [Anvil] Suicidal Meat Shield · first_market_buy 100 wood |
| 25:58 | g_ermeric · first_building Monastery |
| 26:13 | w h i z. · first_building Castle |
| 26:34 | g_ermeric · wall_segment Palisade Wall x1 |
| 26:52 | treehugger · first_building Castle |
| 27:01 | [Anvil] Suicidal Meat Shield · first_market_sell 100 stone |
| 27:32 | It‘s today · first_building Monastery |
| 27:40 | treehugger · first_building Monastery |
| 27:51 | ost.nostalgia · first_building Siege Workshop |
| 27:53 | Driven · age_up castle |
| 28:11 | w h i z. · first_building Siege Workshop |
| 28:16 | feshark · first_building Monastery |
| 28:21 | feshark · first_building Stable |
| 29:20 | g_ermeric · first_building Archery Range |
| 29:47 | [Anvil] Suicidal Meat Shield · age_up castle |
| 30:09 | It‘s today · first_building Barracks |
| 30:52 | It‘s today · first_building Stable |
| 30:59 | It‘s today · first_building Archery Range |
| 31:23 | ost.nostalgia · first_building Castle |
| 32:58 | feshark · age_up imperial |
| 33:11 | It‘s today · first_market_buy 100 stone |
| 33:52 | w h i z. · age_up imperial |
| 34:02 | g_ermeric · age_up imperial |
| 34:07 | It‘s today · first_building Castle |
| 35:19 | g_ermeric · wall_segment Stone Wall x1 |
| 35:53 | g_ermeric · first_building Castle |
| 35:54 | treehugger · age_up imperial |
| 36:25 | feshark · first_building Castle |
| 36:41 | Driven · first_building Monastery |
| 37:20 | treehugger · wall_segment Stone Wall x4 |
| 38:30 | [Anvil] Suicidal Meat Shield · first_building Castle |
| 38:50 | It‘s today · age_up imperial |
| 39:20 | [Anvil] Suicidal Meat Shield · first_building Monastery |
| 39:52 | ost.nostalgia · age_up imperial |
| 40:06 | w h i z. · tribute_sent a jugador 1 |
| 40:06 | w h i z. · tribute_sent a jugador 2 |
| 40:06 | w h i z. · tribute_sent a jugador 3 |
| 40:06 | w h i z. · tribute_sent a jugador 4 |
| 40:06 | w h i z. · tribute_sent a jugador 5 |
| 40:06 | w h i z. · tribute_sent a jugador 6 |
| 40:06 | w h i z. · tribute_sent a jugador 8 |
| 40:37 | w h i z. · first_market_sell 100 food |
| 40:48 | Driven · age_up imperial |
| 40:53 | [Anvil] Suicidal Meat Shield · first_building Barracks |
| 43:53 | [Anvil] Suicidal Meat Shield · age_up imperial |
| 46:57 | [Anvil] Suicidal Meat Shield · first_building Archery Range |
| 47:30 | w h i z. · tribute_sent a jugador 1 |
| 47:30 | w h i z. · tribute_sent a jugador 2 |
| 47:30 | w h i z. · tribute_sent a jugador 3 |
| 47:30 | w h i z. · tribute_sent a jugador 4 |
| 47:30 | w h i z. · tribute_sent a jugador 5 |
| 47:30 | w h i z. · tribute_sent a jugador 6 |
| 47:30 | w h i z. · tribute_sent a jugador 8 |
| 48:30 | feshark · first_market_sell 500 food |
| 48:41 | [Anvil] Suicidal Meat Shield · first_building Siege Workshop |
| 50:32 | g_ermeric · first_building Siege Workshop |
| 52:07 | ost.nostalgia · first_building Archery Range |
| 53:45 | ost.nostalgia · first_market_sell 500 wood |
| 56:02 | w h i z. · tribute_sent a jugador 1 |
| 56:02 | w h i z. · tribute_sent a jugador 2 |
| 56:02 | w h i z. · tribute_sent a jugador 3 |
| 56:02 | w h i z. · tribute_sent a jugador 4 |
| 56:02 | w h i z. · tribute_sent a jugador 5 |
| 56:02 | w h i z. · tribute_sent a jugador 6 |
| 56:02 | w h i z. · tribute_sent a jugador 8 |
| 56:17 | Driven · first_building Castle |
| 58:12 | Driven · first_building Siege Workshop |
| 59:04 | feshark · resign |
[ AI ANALYSIS · 1 CREDIT ]
What really happened in this match?
Wolo.gg analyzes every decision: build order, eco, micro, common mistakes by bracket. Personalized analysis on WhatsApp or Discord in 30 seconds.
Civ guide
Japanese
Perfil
It‘s today